 Dungeon Crawl Stone Soup version 0.25-a0-566-g062765be81 (webtiles) character file.

Game seed: 1822515387095226917, levelgen mode: deterministic

224367 night the Brawler (level 18, -8/100 HPs)
             Began as a Vine Stalker Fighter on Feb 25, 2020.
             Was the Champion of Nemelex Xobeh.
             Mangled by a storm dragon simulacrum (12 damage)
             ... on level 1 of the Vaults on Feb 27, 2020.
             The game lasted 01:44:26 (29152 turns).

night the Brawler (Vine Stalker Fighter)           Turns: 29152, Time: 01:44:27

Health: -8/100     AC: 28    Str: 28    XL:     18   Next: 82%
Magic:  0/29       EV: 10    Int:  8    God:    Nemelex Xobeh [******]
Gold:   2388       SH: 14    Dex: 16    Spells: 17/17 levels left

rFire    . . .     SeeInvis +     - Unarmed
rCold    . . .     Gourm    .   v - +0 kite shield
rNeg     . . .     Faith    .   N - +0 plate armour
rPois    +         Spirit   +   q - +2 hood of the Assassin {Detection Stab+ Stlth++}
rElec    .         Reflect  .   L - +1 cloak {rPois}
rCorr    .         Harm     .   x - +2 pair of gloves {Str+3}
MR       ++...                  C - +1 pair of boots
Stlth    ..........             j - amulet of regeneration
HPRegen  1.46/turn              t - ring of see invisible
MPRegen  0.21/turn              f - +4 ring of protection

@: studying Slings
A: fangs 3, regeneration 2, magic shield, antimagic bite, no potion heal 3, rot
immunity
}: 2/15 runes: decaying, gossamer
a: Draw Escape, Draw Destruction, Draw Summoning, Draw Stack, Triple Draw, Deal
Four, Stack Five, Renounce Religion


You were on level 1 of the Vaults.
You worshipped Nemelex Xobeh.
Nemelex Xobeh was exalted by your worship.
You were hungry.

You visited 6 branches of the dungeon, and saw 31 of its levels.
You also visited: Sewer and Ossuary.

You collected 2388 gold pieces.

Inventory:

Hand Weapons
 b - a +0 fustibalus
Missiles
 w - 216 bolts
 B - 30 sling bullets
 Y - 434 stones (quivered)
Armour
 q - the +2 hood of the Assassin (worn) {Detection Stab+ Stlth++}
   (You acquired it on level 1 of the Spider Nest)

   It makes you much more stealthy.
   If you remove this armour, your AC will decrease by 2 (28 -> 26).
 v - a +0 kite shield (worn)
 x - a +2 pair of gloves of strength (worn)
 C - a +1 pair of boots (worn)
 L - a +1 cloak of poison resistance (worn)
 N - a +0 plate armour (worn)
Jewellery
 a - an uncursed amulet of the acrobat
 e - an uncursed ring of fire
 f - a +4 ring of protection (right hand)
 j - an amulet of regeneration (around neck)
 p - an uncursed ring of flight
 t - a ring of see invisible (left hand)
 D - the ring "Hyudutz" {*Corrode +Inv rF+ rN+ Slay+4}
   (You found it on level 1 of the Spider Nest)

   [ring of protection from fire]

   It affects your accuracy and damage with ranged weapons and melee attacks
   (+4).
   It protects you from fire.
   It protects you from negative energy.
   It lets you turn invisible.
   It may corrode you when you take damage.
 E - a +3 ring of protection
 Z - an uncursed ring of stealth
Wands
 s - a wand of enslavement (45)
 F - a wand of acid (27)
 K - a wand of flame (92)
 S - a wand of disintegration (26)
 T - a wand of iceblast (49)
 U - a wand of digging (10)
 V - a wand of random effects (23)
 W - a wand of paralysis (13)
Scrolls
 i - 13 scrolls of teleportation
 m - 21 scrolls of remove curse
 n - 4 scrolls of fear
 r - 10 scrolls of magic mapping
 y - 4 scrolls of fog
 G - 8 scrolls of identify
 I - 3 scrolls of summoning
 J - 5 scrolls of blinking
Potions
 c - 10 potions of might
 g - 5 potions of lignification
 h - 18 potions of curing
 k - 12 potions of flight
 l - 3 potions of berserk rage
 o - 4 potions of brilliance
 u - a potion of ambrosia
 z - 4 potions of resistance
 A - 7 potions of haste
 O - 2 potions of magic
 Q - 2 potions of cancellation
Books
 H - a manual of Slings
Miscellaneous
 M - a lamp of fire
 P - a phial of floods
Comestibles
 d - 47 rations


   Skills:
 + Level 13.5 Fighting
 - Level 9.5 Armour
 + Level 5.6 Dodging
 + Level 12.0 Shields
 * Level 19.4 Unarmed Combat
 + Level 13.6 Invocations


You had 17 spell levels left.
You didn't know any spells.
Your spell library contained the following spells:

 Spells                   Type           Power        Failure   Level  Hunger
 Infusion                 Chrm           #...         99%         1    ##.....
 Sting                    Tmut/Pois      #...         99%         1    ##.....
 Summon Small Mammal      Summ           #...         99%         1    ##.....
 Call Imp                 Summ           #.......     100%        2    ###....
 Corpse Rot               Necr/Air       N/A          100%        2    ###....
 Poisonous Vapours        Pois/Air       #.....       100%        2    ###....
 Shroud of Golubria       Chrm/Tloc      #.....       100%        2    ###....
 Song of Slaying          Chrm           #.......     100%        2    ###....
 Call Canine Familiar     Summ           #.......     100%        3    ####...
 Confusing Touch          Hex            #.......     100%        3    ####...
 Gell's Gravitas          Tloc           #.........   100%        3    ####...
 Ignite Poison            Fire/Tmut/Pois #.......     100%        3    ####...
 Mephitic Cloud           Conj/Pois/Air  #.......     100%        3    ####...
 Ozocubu's Armour         Chrm/Ice       #.......     100%        3    ####...
 Spectral Weapon          Hex/Chrm       #.......     100%        3    ####...
 Stone Arrow              Conj/Erth      #.....       100%        3    ####...
 Summon Guardian Golem    Hex/Summ       #.......     100%        3    ####...
 Leda's Liquefaction      Hex/Erth       #.........   100%        4    #####..
 Olgreb's Toxic Radiance  Pois           #.......     100%        4    #####..
 Petrify                  Tmut/Erth      #.......     100%        4    #####..
 Summon Ice Beast         Ice/Summ       #.......     100%        4    #####..
 Summon Lightning Spire   Summ/Air       #.......     100%        4    #####..
 Bolt of Magma            Conj/Fire/Erth #.........   100%        5    ######.
 Metabolic Englaciation   Hex/Ice        #.........   100%        5    ######.
 Summon Forest            Summ/Tloc      #.........   100%        5    ######.
 Yara's Violent Unravell  Hex/Tmut       #.........   100%        5    ######.
 Eringya's Noxious Bog    Tmut/Pois      #.........   100%        6    #######
 Hydra Form               Tmut           #.........   100%        6    #######
 Iron Shot                Conj/Erth      #.........   100%        6    #######
 Statue Form              Tmut/Erth      #........    100%        6    #######
 Summon Hydra             Summ           #.........   100%        7    #######
 Shatter                  Erth           #.........   100%        9    #######


Dungeon Overview and Level Annotations

Branches:
Dungeon (15/15)            Temple (1/1) D:5            Lair (6/6) D:11
  Swamp (4/4) Lair:3       Spider (4/4) Lair:4        Slime (0/5) Lair:5
    Orc (0/2) D:12         Vaults (1/5) D:13         Depths (0/5) D:15
  Sewer (visited)         Ossuary (visited)

Altars:
Ashenzari
Cheibriados
Dithmenos
Elyvilon
Fedhas
Gozag
Hepliaklqana
Kikubaaqudgha
Makhleb
Nemelex Xobeh
Okawaru
Qazlal
Ru
Sif Muna
Trog
Uskayaw
Vehumet
Wu Jian
Xom
Yredelemnul
Zin
The Shining One
Jiyva

Annotations:
D:5 3 runed translucent doors, EnegeticOcto's ghost, novice DDFi
D:13 1 runed translucent door, Flugslaktarn's ghost, journeyman DDFi


Innate Abilities, Weirdness & Mutations

You have razor-sharp teeth.
You heal very quickly.
When hurt, damage is shared between your health and your magic reserves.
Your bite disrupts and absorbs the magic of your enemies.
Potions cannot restore your health.
You are immune to rotting.


Message History

The storm dragon simulacrum tramples you but does no damage.
You punch the yaktaur!
You kill the yaktaur!
You are too injured to fight recklessly!
The storm dragon simulacrum bites you!!
The storm dragon simulacrum freezes you!!
The storm dragon simulacrum claws you but does no damage.
You block the storm dragon simulacrum's attack.
Things that are here:
a +0 arbalest; 22 bolts; a yaktaur corpse You barely miss the storm dragon simulacrum.
Your bite misses the storm dragon simulacrum.
The storm dragon simulacrum is almost destroyed.
The storm dragon simulacrum bites you!
* * * LOW HITPOINT WARNING * * *
The storm dragon simulacrum freezes you!!
* * * LOW HITPOINT WARNING * * *
The storm dragon simulacrum claws you!
You die...
Your body glows with a rainbow of weird colours and disappears.

#######
#.....#
#.....+
#.....#
#..Z@.#
#..#(####
#. #(..∩#
# #..(>#
######


You could see a storm dragon simulacrum.

Vanquished Creatures
  Rupert (Spider:1)
  Frances (Spider:1)
  4 thorn hunters (Swamp:4)
  Roxanne (Swamp:3)
  2 ghost moths (Spider:4)
  6 emperor scorpions
  5 entropy weavers
  2 vampire knights (Swamp:4)
  A dire elephant (D:15)
  A minotaur (Swamp:3)
  2 spark wasps (Spider:4)
  Josephine (Spider:1)
  A great orb of eyes (D:15)
  17 hydras
  2 vault guards (D:13)
  An anaconda (Swamp:4)
  A shambling mangrove (Swamp:4)
  6 two-headed ogres
  3 catoblepae (Lair:6)
  2 ghost crabs (Swamp:3)
  4 centaur warriors
  A tengu warrior (D:15)
  A queen ant (Spider:3)
  11 alligators
  3 death scarabs (Spider:4)
  A deep troll earth mage (Vaults:1)
  6 death yaks (Lair:6)
  2 deep elf knights
  Sonja (D:12)
  A death drake (Spider:2)
  2 unseen horrors (D:14)
  5 skeletal warriors (D:15)
  3 spriggan druids (Swamp:3)
  A flayed ghost (Swamp:4)
  A glowing orange brain (Vaults:1)
  3 spectral hydras (Swamp:4)
  3 swamp dragons
  4 ironbrand convokers (Vaults:1)
  A spectral wolf spider (Spider:4)
  A harpy (Spider:2)
  2 lindwurms
  An oklob plant (Swamp:4)
  25 orb spiders
  3 ugly things
  32 wolf spiders
  11 slime creatures
  2 deep elf magi
  5 manticores
  A cyclops (D:13)
  3 moths of wrath
  6 black mambas
  2 centaur zombies
  A naga mage (D:15)
  14 spiny frogs
  4 centaur skeletons
  A kobold demonologist (D:15)
  4 torpor snails
  3 spectral redbacks (Spider:4)
  2 redback zombies (Spider:4)
  An efreet (D:15)
  2 yaktaurs (Vaults:1)
  13 komodo dragons
  A hydra zombie (Swamp:4)
  9 trolls
  23 demonic crawlers
  A meliai (D:15)
  A death drake zombie (Swamp:4)
  A wandering mushroom (Swamp:4)
  41 jumping spiders
  4 spectral jumping spiders (Spider:4)
  2 spectral tarantellas (Spider:4)
  A merfolk (Swamp:4)
  12 tyrant leeches
  14 hornets
  9 bog bodies
  2 polar bears
  A jumping spider zombie (Spider:4)
  5 dream sheep (Lair:6)
  5 death drake skeletons (Swamp:4)
  12 blink frogs
  8 hippogriffs
  4 shadows
  70 redbacks
  32 tarantellas
  5 wraiths (Spider:1)
  23 yaks
  7 spriggans
  A wyvern (D:11)
  A fire bat (Lair:1)
  9 humans (D:13)
  A basilisk (D:13)
  22 vampire mosquitoes
  4 hungry ghosts
  3 wargs
  3 insubstantial wisps (Swamp:3)
  An acid dragon (D:15)
  8 swamp worms
  2 hydra simulacra (Swamp:4)
  15 water moccasins
  25 soldier ants (Spider:3)
  4 porcupines
  A spectral hornet (Spider:4)
  7 orc warriors
  11 swamp drakes
  4 ice beasts
  A necrophage (D:14)
  4 sky beasts
  22 centaurs
  A phantom (D:11)
  A boggart (D:15)
  9 ogres
  4 wolves (Lair:3)
  7 crocodiles
  9 big kobolds
  14 bullfrogs
  A gnoll sergeant (D:13)
  A wyvern skeleton (D:9)
  4 water moccasin zombies (Ossuary)
  A hornet simulacrum (D:14)
  6 scorpions
  6 killer bees
  7 wights
  9 howler monkeys
  2 electric eels (D:14)
  2 bullfrog zombies
  11 crimson imps
  A quasit (D:5)
  A gnoll shaman (D:5)
  6 jellies
  Crazy Yiuf (D:3)
  3 bullfrog skeletons
  9 hounds
  7 orc priests
  7 orc wizards
  3 iguanas
  Natasha (twice) (D:3)
  4 hell rats (Lair:6)
  35 worker ants
  A big kobold zombie (Ossuary)
  A hound zombie (D:8)
  2 hound skeletons
  2 mummies (Ossuary)
  10 adders
  13 gnolls
  3 shadow imps
  3 oozes
  8 adder zombies
  A worm zombie (D:4)
  4 worms
  3 ball lightnings (Swamp:4)
  2 dart slugs (D:1)
  2 leopard geckos
  31 orcs
  7 bats
  5 giant cockroaches
  6 goblins
  7 hobgoblins
  13 jackals
  4 quokkas
  2 ball pythons
  9 frilled lizards
  4 gnoll zombies (Ossuary)
  3 hobgoblin zombies (Ossuary)
  31 kobolds
  2 kobold zombies (Ossuary)
  7 orc zombies (Ossuary)
  A quokka zombie (D:5)
  9 rats
  6 plants
1071 creatures vanquished.

Vanquished Creatures (collateral kills)
  A ghost moth (Spider:4)
  A hydra (Swamp:4)
  A ghost crab (Swamp:4)
  5 death scarabs (Spider:4)
  A spectral emperor scorpion (Spider:4)
  A spectral hydra (Swamp:4)
  2 orb spiders
  A wolf spider zombie (Spider:4)
  A phantasmal warrior (Swamp:4)
  An oklob plant (Swamp:4)
  A spiny frog (Lair:5)
  2 hydra zombies (Swamp:4)
  A spectral redback (Spider:4)
  A jumping spider (Spider:4)
  A spectral jumping spider (Spider:4)
  A bog body (Swamp:4)
  3 blink frogs (Lair:5)
  A death drake skeleton (Swamp:4)
  2 tarantella zombies (Spider:4)
  2 redbacks
  A porcupine (Lair:5)
  A swamp drake (Swamp:4)
  A hornet zombie (Spider:4)
  A fungus (Lair:5)
34 creatures vanquished.

Vanquished Creatures (others)
  An alligator (Swamp:4)
  2 spriggans (Swamp:4)
  2 hornets (Swamp:4)
  A human (D:13)
  A jackal (D:4)
  9 briar patches (Swamp:4)
  5 fungi
  19 plants
40 creatures vanquished.

Grand Total: 1145 creatures vanquished

Notes
Turn   | Place    | Note
-------+----------+-------------------------------------------
     0 | D:1      | night the Vine Stalker Fighter began the quest for the Orb.
     0 | D:1      | Reached XP level 1. HP: 11/11 MP: 2/2
   205 | D:1      | Reached XP level 2. HP: 16/16 MP: 3/3
   590 | D:1      | Reached XP level 3. HP: 17/20 MP: 2/4
   712 | D:2      | Reached skill level 3 in Unarmed Combat
   761 | D:2      | Found an iron altar of Okawaru.
  1031 | D:2      | Gained mutation: Your natural rate of healing is unusually
                  | fast. [Vine Stalker growth]
  1031 | D:2      | Reached XP level 4. HP: 14/24 MP: 2/5
  1520 | D:3      | Noticed Natasha
  1528 | D:3      | Killed Natasha
  1528 | D:3      | Reached skill level 4 in Unarmed Combat
  1544 | D:3      | Reached XP level 5. HP: 5/28 MP: 1/6
  1637 | D:3      | Found an opulent altar of Gozag.
  1953 | D:3      | Found a runed translucent door.
  1954 | D:3      | Noticed Crazy Yiuf
  1966 | D:3      | Killed Crazy Yiuf
  2042 | D:3      | You fall into a shaft and drop 2 floors!
  2042 | D:5      | Entered Level 5 of the Dungeon
  2052 | D:5      | Reached skill level 5 in Unarmed Combat
  2052 | D:5      | Reached XP level 6. HP: 25/33 MP: 5/7
  2187 | D:5      | HP: 3/34 [gnoll/+0 spear (3)]
  2189 | D:5      | HP: 1/34 [gnoll/+0 spear (3)]
  2191 | D:5      | Found a runed translucent gate.
  2191 | D:5      | Found a runed translucent gate.
  2191 | D:5      | Found a runed translucent gate.
  2191 | D:5      | Noticed EnegeticOcto's ghost (novice DDFi)
  2293 | D:5      | Reached skill level 6 in Unarmed Combat
  2293 | D:5      | Reached XP level 7. HP: 25/38 MP: 5/8
  2377 | D:5      | Found a staircase to the Ecumenical Temple.
  2409 | D:5      | HP: 3/38 [ogre/+0 giant club (14)]
  2502 | Temple   | Entered the Ecumenical Temple
  2588 | Temple   | Became a worshipper of Nemelex Xobeh the Trickster
  2622 | D:5      | Reached skill level 1 in Invocations
  2665 | D:4      | Found a glowing drain.
  2674 | Sewer    | Entered a sewer
  2690 | Sewer    | Reached skill level 5 in Fighting
  2705 | Sewer    | Reached skill level 7 in Unarmed Combat
  2723 | Sewer    | Received a gift from Nemelex Xobeh
  2784 | Sewer    | Gained mutation: You have razor-sharp teeth. [Vine Stalker
                  | growth]
  2784 | Sewer    | Reached XP level 8. HP: 43/43 MP: 10/10
  2917 | Sewer    | Reached skill level 2 in Invocations
  3047 | D:4      | Found a shimmering altar of Xom.
  3053 | D:4      | Found a sand-covered staircase.
  3067 | Ossuary  | Entered an ossuary
  3182 | Ossuary  | Reached skill level 8 in Unarmed Combat
  3293 | Ossuary  | Reached * piety under Nemelex Xobeh
  3473 | D:4      | Found a hide-covered altar of Uskayaw.
  3916 | D:3      | Noticed Natasha
  3926 | D:3      | Killed Natasha
  3926 | D:3      | Reached XP level 9. HP: 45/48 MP: 12/12
  4568 | D:6      | Reached ** piety under Nemelex Xobeh
  4574 | D:6      | Reached skill level 9 in Unarmed Combat
  4680 | D:6      | Received a gift from Nemelex Xobeh
  5353 | D:7      | Received a gift from Nemelex Xobeh
  5480 | D:7      | Reached *** piety under Nemelex Xobeh
  5892 | D:7      | Reached skill level 5 in Invocations
  5920 | D:7      | Reached skill level 10 in Unarmed Combat
  5936 | D:7      | Received a gift from Nemelex Xobeh
  6198 | D:8      | Reached XP level 10. HP: 55/55 MP: 15/15
  6243 | D:8      | Found a burning altar of Makhleb.
  6388 | D:8      | Found a glowing silver altar of Zin.
  6392 | D:8      | Found a shadowy altar of Dithmenos.
  6392 | D:8      | Found a glowing golden altar of the Shining One.
  6405 | D:8      | Found a blossoming altar of Fedhas.
  6411 | D:8      | Found a sacrificial altar of Ru.
  6525 | D:8      | Noticed a two-headed ogre
  6530 | D:8      | Killed a two-headed ogre
  6732 | D:9      | Reached **** piety under Nemelex Xobeh
  6742 | D:9      | Reached skill level 11 in Unarmed Combat
  7019 | D:9      | Noticed a two-headed ogre
  7029 | D:9      | Killed a two-headed ogre
  7480 | D:10     | Entered Level 10 of the Dungeon
  7617 | D:10     | Found a snail-covered altar of Cheibriados.
  7873 | D:10     | Reached XP level 11. HP: 40/60 MP: 17/17
  7882 | D:10     | HP: 6/60 [poisoned by an orc warrior]
  7972 | D:10     | Upgraded the game from 0.25-a0-561-g0977b4d109 to
                  | 0.25-a0-566-g062765be81
  8151 | D:10     | Received a gift from Nemelex Xobeh
  8709 | D:10     | Reached skill level 12 in Unarmed Combat
  9001 | D:10     | Reached ***** piety under Nemelex Xobeh
  9140 | D:11     | Noticed a cyan ugly thing
  9146 | D:11     | Noticed a two-headed ogre
  9151 | D:11     | Killed a cyan ugly thing
  9162 | D:11     | Killed a two-headed ogre
  9227 | D:11     | Received a gift from Nemelex Xobeh
  9559 | D:11     | Noticed a six-headed hydra
  9569 | D:11     | Killed a six-headed hydra
  9732 | D:11     | Found a staircase to the Lair.
  9904 | D:11     | Reached skill level 5 in Shields
 10140 | Lair:1   | Entered Level 1 of the Lair of Beasts
 10140 | Lair:1   | Received a gift from Nemelex Xobeh
 10399 | Lair:1   | Gained mutation: You heal very quickly. [Vine Stalker
                  | growth]
 10399 | Lair:1   | Reached XP level 12. HP: 60/65 MP: 15/18
 10909 | Lair:2   | Received a gift from Nemelex Xobeh
 10953 | Lair:2   | Reached skill level 5 in Armour
 10964 | Lair:2   | Reached skill level 13 in Unarmed Combat
 11168 | Lair:2   | Received a gift from Nemelex Xobeh
 11618 | Lair:3   | You fall into a shaft and drop 2 floors!
 11817 | Lair:5   | Received a gift from Nemelex Xobeh
 12066 | Lair:5   | Found a viscous altar of Jiyva.
 12067 | Lair:5   | Found a staircase to the Slime Pits.
 12304 | Lair:4   | Received a gift from Nemelex Xobeh
 12565 | Lair:4   | Noticed a five-headed hydra
 12576 | Lair:4   | Killed a five-headed hydra
 12634 | Lair:4   | Found a hole to the Spider Nest.
 12798 | Lair:4   | Reached ****** piety under Nemelex Xobeh
 12982 | Lair:4   | Noticed an eight-headed hydra
 12993 | Lair:4   | Killed an eight-headed hydra
 13059 | Lair:4   | Received a gift from Nemelex Xobeh
 13198 | Lair:3   | Found a staircase to the Swamp.
 13216 | Lair:3   | Reached XP level 13. HP: 30/71 MP: 12/20
 13384 | Lair:3   | Reached skill level 14 in Unarmed Combat
 13816 | Lair:6   | Entered Level 6 of the Lair of Beasts
 13840 | Lair:6   | Received a gift from Nemelex Xobeh
 14088 | Lair:6   | Reached skill level 10 in Fighting
 14192 | Lair:6   | Received a gift from Nemelex Xobeh
 14702 | Lair:6   | Reached skill level 10 in Invocations
 14702 | Lair:6   | Reached XP level 14. HP: 70/77 MP: 22/22
 14749 | Lair:6   | Reached skill level 15 in Unarmed Combat
 15265 | D:12     | Received a gift from Nemelex Xobeh
 15512 | D:12     | Noticed Sonja
 15513 | D:12     | Killed Sonja
 15522 | D:12     | Found a staircase to the Orcish Mines.
 15708 | D:12     | Received a gift from Nemelex Xobeh
 16433 | D:13     | Received a gift from Nemelex Xobeh
 16629 | D:13     | Found a runed translucent door.
 16630 | D:13     | Found a shimmering altar of Xom.
 16630 | D:13     | Noticed Flugslaktarn's ghost (journeyman DDFi)
 16718 | D:13     | Received a gift from Nemelex Xobeh
 16899 | D:13     | Identified the cursed +0 broad axe of the Rattle-Snake
                  | {venom, rPois rF+ rC+ Int-3}
 16963 | D:13     | Found a gate to the Vaults.
 17355 | D:14     | Received a gift from Nemelex Xobeh
 17733 | D:14     | Received a gift from Nemelex Xobeh
 17938 | D:15     | Entered Level 15 of the Dungeon
 18159 | D:15     | Received a gift from Nemelex Xobeh
 18206 | D:15     | Reached XP level 15. HP: 82/82 MP: 24/24
 18304 | D:15     | Reached skill level 16 in Unarmed Combat
 18734 | D:15     | Received a gift from Nemelex Xobeh
 18806 | D:15     | Found a staircase to the Depths.
 19248 | Swamp:1  | Entered Level 1 of the Swamp
 19273 | Swamp:1  | Received a gift from Nemelex Xobeh
 19548 | Swamp:1  | Received a gift from Nemelex Xobeh
 20615 | Swamp:2  | Received a gift from Nemelex Xobeh
 21219 | Swamp:3  | Noticed Roxanne
 21284 | Swamp:3  | Received a gift from Nemelex Xobeh
 21305 | Swamp:3  | Killed Roxanne
 21305 | Swamp:3  | Reached XP level 16. HP: 60/88 MP: 25/25
 21847 | Swamp:4  | Entered Level 4 of the Swamp
 21867 | Swamp:4  | Reached skill level 17 in Unarmed Combat
 21924 | Swamp:4  | Identified the +0 trident of the New World {elec, rF+ SInv}
 21929 | Swamp:4  | Received a gift from Nemelex Xobeh
 22429 | Swamp:4  | Reached skill level 10 in Shields
 22430 | Swamp:4  | Reached skill level 12 in Fighting
 22433 | Swamp:4  | Paralysed by something for 7 turns
 22446 | Swamp:4  | Reached skill level 12 in Invocations
 22588 | Swamp:4  | HP: 13/88 [spectral four-headed hydra (4)]
 22592 | Swamp:4  | Noticed a thorn hunter
 22592 | Swamp:4  | a shambling mangrove changed into a thorn hunter
 22592 | Swamp:4  | Killed a thorn hunter
 22698 | Swamp:4  | Noticed a thorn hunter
 22700 | Swamp:4  | Noticed a thorn hunter
 22704 | Swamp:4  | Noticed a thorn hunter
 22708 | Swamp:4  | Found a blossoming altar of Fedhas.
 22717 | Swamp:4  | Killed a thorn hunter
 22728 | Swamp:4  | HP: 2/88 [thorn hunter/volley of thorns (18)]
 23147 | Swamp:4  | Found a basalt altar of Yredelemnul.
 23150 | Swamp:4  | Received a gift from Nemelex Xobeh
 23199 | Swamp:4  | Killed a thorn hunter
 23258 | Swamp:4  | Killed a thorn hunter
 23521 | Swamp:4  | Got a decaying rune of Zot
 23643 | Spider:1 | Entered Level 1 of the Spider Nest
 23738 | Spider:1 | Identified a scroll of acquirement
 23739 | Spider:1 | Found the +2 hood of the Assassin {Detection Stab+ Stlth++}
 23853 | Spider:1 | Noticed Josephine
 23871 | Spider:1 | Killed Josephine
 23891 | Spider:1 | Reached skill level 1 in Dodging
 24048 | Spider:1 | Reached XP level 17. HP: 74/94 MP: 27/27
 24138 | Spider:1 | Noticed Frances
 24153 | Spider:1 | Killed Frances
 24337 | Spider:1 | Reached skill level 2 in Dodging
 24395 | Spider:1 | Reached skill level 18 in Unarmed Combat
 24447 | Spider:1 | Noticed Rupert
 24454 | Spider:1 | Killed Rupert
 24569 | Spider:1 | Received a gift from Nemelex Xobeh
 24803 | Spider:1 | Got an ancient granite ring
 24805 | Spider:1 | Identified the ring "Hyudutz" {*Corrode +Inv rF+ rN+
                  | Slay+4} (You found it on level 1 of the Spider Nest)
 25574 | Spider:2 | Received a gift from Nemelex Xobeh
 26711 | Spider:3 | Reached XP level 18. HP: 100/100 MP: 28/28
 26836 | Spider:3 | Received a gift from Nemelex Xobeh
 27185 | Spider:4 | Entered Level 4 of the Spider Nest
 27216 | Spider:4 | Received a gift from Nemelex Xobeh
 27845 | Spider:4 | Reached skill level 19 in Unarmed Combat
 28183 | Spider:4 | Reached skill level 5 in Dodging
 28633 | Spider:4 | Received a gift from Nemelex Xobeh
 28700 | Spider:4 | Got a gossamer rune of Zot
 29087 | Vaults:1 | Entered Level 1 of the Vaults
 29120 | Vaults:1 | Reached skill level 12 in Shields
 29132 | Vaults:1 | HP: 13/100 [deep troll earth mage[an ironheart preserver]
                  | (8)]
 29152 | Vaults:1 | HP: 4/100 [storm dragon simulacrum (21)]
 29152 | Vaults:1 | Mangled by a storm dragon simulacrum

Levels and vault maps discovered:
D:1:      minmay_arrival_semitransparent, layout_basic
D:2:      layout_basic, kennysheep_okawaru_gauntlet,
          chequers_serial_rivers_large_a
D:3:      layout_loops_cross, grunt_gozag_breadcrumbs, uniq_natasha,
          uniq_crazy_yiuf_cottage
D:4:      layout_cave_pools, xom_confusion_cloud, old_standard_altar,
          portal_sewer_entry_d, enter_ossuary_3, first_ration, nrook_mini_vaults
D:5:      layout_rooms, minmay_temple_entry_statues_fountains,
          gammafunk_ghost_nasty_kobolds
D:6:      layout_layer_cave, serial_co_window_serial, co_window_paths_b,
          co_window_corner_a, co_window_of_opportunity_a, co_window_corner_a,
          co_window_of_opportunity_a, co_window_corner_b, co_window_corner_b,
          co_window_corner_cb, co_window_corner_ca, co_window_of_opportunity_b,
          glass_columns_b, minmay_manual_monstrance
D:7:      layout_loops_corners
D:8:      layout_basic, minmay_overflow_temple_star_hex, kennysheep_mini_moat
D:9:      layout_loops_ring, blue_anna_alchemist [blue_anna_fruit_fields,
          blue_anna_fruit_fields]
D:10:     layout_grid_maze, cheibriados_altar_1
D:11:     layout_stronghold, erik_lair_orcish_takeover
D:12:     layout_basic, david_orc_1_choice, dk_noncrumbling_2, uniq_sonja
D:13:     layout_irregular_city, ximxim_vaults_locker_room, ebering_ghost_xom,
          serial_column_ruins, column_ruins_hut, column_ruins_open_small,
          column_ruins_grid_1, column_ruins_columns_straight,
          column_ruins_open_small
D:14:     layout_roguey, minivault_14
D:15:     hangedman_depths_entry_try_elsewhere_first, layout_loops_corners,
          minmay_curled_crystal, minmay_pinched_square
Temple:   nicolae_temple_hex_pool
Lair:1:   layout_loops_ring
Lair:2:   layout_gridlike
Lair:3:   layout_loops_ring, skrybe_swamp_entry_bodies, grunt_megastairs_1
Lair:4:   layout_gridlike, dummy_spider_entry, wad_woods_03, grunt_megastairs_2
Lair:5:   layout_loops_ring, slime_altar_1
Lair:6:   evilmike_catoblepas_cave, layout_regular_city,
          infiniplex_staircase_pool, serial_bayou_shore_b
Swamp:1:  layout_basic_swamp, nicolae_swamp_very_dense_foliage
Swamp:2:  layout_falls_marsh, serial_swamp_ruin, evilmike_swamp_ruin_house_6,
          evilmike_swamp_ruin_house_1, evilmike_swamp_ruin_house_3
Swamp:3:  layout_basic_swamp, hangedman_swamp_lotus, uniq_roxanne
Swamp:4:  byrel_swamp_growth_death_and_undeath, layout_basic_swamp
Spider:1: layout_chambers, worms_lemuel, uniq_frances, uniq_josephine,
          uniq_rupert
Spider:2: layout_spider_delve
Spider:3: layout_spider_delve, minivault_29
Spider:4: floodkiller_spider_rune_tomb
Vaults:1: v_alt_pattern_2, nicolae_vaults_network_barrier,
          vaults_room_door_ring, sword_in_stone, vaults_room_corners,
          vaults_room_grunt_arrival_ludios, ontoclasm_vaults_decontamination,
          dpeg_vaults_monster_box, layout_vaults_quadrants

Skill      XL: |  1  2  3  4  5  6  7  8  9 10 11 12 13 14 15 16 17 18 |
---------------+-------------------------------------------------------+-----
Fighting       | 3 4 5 6 7 8 9 10 11 12 13 | 13.5
Unarmed Combat | 3 4 5 6 7 8 10 11 12 13 14 15 16 17 18 19 | 19.4
Invocations    | 1 3 5 6 7 9 10 11 12 13 | 13.6
Shields        | 3 5 6 7 8 9 10 11 12 | 12.0
Armour         | 3 4 5 7 8 9 |  9.5
Dodging        | 1 4 5 |  5.6

Action                   |  1- 3 |  4- 6 |  7- 9 | 10-12 | 13-15 | 16-18 || total
-------------------------+-------+-------+-------+-------+-------+-------++-------
Melee: Unarmed           |   102 |   199 |   405 |   636 |  1252 |  1389 ||  3983
       Bite              |    33 |    62 |   146 |   250 |   503 |   632 ||  1626
 Fire: Hand crossbow     |       |       |       |     2 |       |       ||     2
       Fustibalus        |       |       |       |       |       |    15 ||    15
Throw: Throwing net      |       |     1 |       |       |       |       ||     1
       Dart              |       |       |     1 |     3 |       |       ||     4
       Stone             |       |       |       |       |       |     1 ||     1
Invok: Stack Five        |       |       |       |     1 |       |     2 ||     3
       Deal Four         |       |       |       |       |       |     1 ||     1
 Abil: Draw Destruction  |       |       |     1 |     5 |    11 |    25 ||    42
       Draw Summoning    |       |       |       |     1 |       |    13 ||    14
       Draw Stack        |       |       |       |       |       |     8 ||     8
       Draw Escape       |       |       |       |       |       |     1 ||     1
       Evoke Invisibilit |       |       |       |       |       |     1 ||     1
  Use: Scroll            |       |     3 |     5 |     6 |    21 |     4 ||    39
       Potion            |       |       |       |     1 |       |       ||     1
 Stab: Petrified         |       |       |       |       |    18 |     4 ||    22
       Petrifying        |       |       |       |       |     2 |       ||     2
       Confused          |       |       |       |       |       |     2 ||     2
       Distracted        |       |       |       |       |       |     2 ||     2
       Invisible         |       |       |       |       |       |     5 ||     5
  Eat: Chunk             |       |     5 |     9 |    25 |    32 |    20 ||    91
       Ration            |       |       |     1 |       |       |     2 ||     3
Armor: Scale mail        |    47 |    83 |   132 |    18 |       |       ||   280
       Plate armour      |       |       |       |   285 |   647 |   971 ||  1903
Dodge: Dodged            |    28 |    72 |    82 |    72 |   260 |   461 ||   975
Block: Kite shield       |    51 |   116 |   147 |   252 |   622 |   931 ||  2119

Table legend:
 A = Non-vault XP
 B = Vault XP
 C = Vault XP percentage of total XP
 D = Non-vault monster count
 E = Vault monster count
 F = Vault count percentage of total count
                 A         B        C        D         E       F
            +---------+---------+-------+---------+---------+-------
      Total |  189031 |  114388 |  37.7 |     773 |     325 |  29.6
            +---------+---------+-------+---------+---------+-------
        D:1 |      39 |       0 |   0.0 |      18 |       0 |   0.0
        D:2 |      77 |       0 |   0.0 |      21 |       0 |   0.0
        D:3 |     136 |      77 |  36.2 |      25 |       2 |   7.4
        D:4 |     415 |      89 |  17.7 |      11 |       4 |  26.7
        D:5 |     706 |       0 |   0.0 |      17 |       0 |   0.0
        D:6 |     221 |     158 |  41.7 |       6 |       5 |  45.5
        D:7 |    1299 |       0 |   0.0 |      20 |       0 |   0.0
        D:8 |    1814 |       0 |   0.0 |      22 |       0 |   0.0
        D:9 |    1935 |     100 |   4.9 |      20 |       1 |   4.8
       D:10 |    4289 |       0 |   0.0 |      47 |       0 |   0.0
       D:11 |    4866 |     620 |  11.3 |      29 |       9 |  23.7
       D:12 |    4262 |    1456 |  25.5 |      24 |      10 |  29.4
       D:13 |    3887 |    3778 |  49.3 |      24 |      12 |  33.3
       D:14 |    9821 |       0 |   0.0 |      41 |       0 |   0.0
       D:15 |    9513 |    8160 |  46.2 |      25 |      18 |  41.9
     Lair:1 |    2505 |       0 |   0.0 |      11 |       0 |   0.0
     Lair:2 |    2329 |       0 |   0.0 |       9 |       0 |   0.0
     Lair:3 |    3283 |     832 |  20.2 |      11 |       3 |  21.4
     Lair:4 |    2112 |    2305 |  52.2 |       9 |       4 |  30.8
     Lair:5 |    3962 |       0 |   0.0 |      20 |       0 |   0.0
     Lair:6 |   13547 |   10014 |  42.5 |      45 |      23 |  33.8
    Swamp:1 |    5066 |       0 |   0.0 |      15 |       0 |   0.0
    Swamp:2 |    9751 |       0 |   0.0 |      27 |       0 |   0.0
    Swamp:3 |   16677 |    1919 |  10.3 |      41 |       1 |   2.4
    Swamp:4 |    9607 |   27228 |  73.9 |      29 |      40 |  58.0
   Spider:1 |   23923 |   11094 |  31.7 |      60 |      19 |  24.1
   Spider:2 |   21548 |       0 |   0.0 |      63 |       0 |   0.0
   Spider:3 |   18353 |    8079 |  30.6 |      53 |      45 |  45.9
   Spider:4 |   10890 |   33633 |  75.5 |      26 |      70 |  72.9
   Vaults:1 |    2198 |    4000 |  64.5 |       4 |       7 |  63.6
      Sewer |       0 |     435 | 100.0 |       0 |      24 | 100.0
    Ossuary |       0 |     411 | 100.0 |       0 |      28 | 100.0
            +---------+---------+-------+---------+---------+-------
